[Event "Titled Tuesday Blitz December 20 Late 2022"]
[White "Marchesich, Giovanni"]
[Black "Marcolino, Daniel Mattos"]
[WhiteFideId "2824790"]
[BlackFideId "2106841"]
[WhiteElo "2200"]
[BlackElo "2132"]
[Result "1/2-1/2"]
[Round "07"]
[TimeControl "180+1"]
[Date "2022.12.21"]
[WhiteClock "0:01:01"]
[BlackClock "0:00:16"]

1. d4 Nf6 2. Nf3 d5 3. Bf4 c5 4. e3 Nc6 5. Nbd2 Qb6 6. dxc5 Qxc5 7. Nb3 Qb6 8. Bd3 Bg4 9. h3 Bxf3 10. gxf3 e6 11. c3 Rd8 12. Qc2 Bd6 13. Bg5 Ne5 14. Be2 Ned7 15. f4 h6 16. Bh4 Nc5 17. Bxf6 gxf6 18. Nxc5 Bxc5 19. b4 Bd6 20. Rg1 Ke7 21. O-O-O a5 22. a3 axb4 23. axb4 Ra8 24. Kb2 Ra7 25. Ra1 Rha8 26. Rxa7 Qxa7 27. Qb3 f5 28. Bh5 Kf8 29. Bf3 Be7 30. Rb1 Bf6 31. Kc2 Qa2+ 32. Qxa2 Rxa2+ 33. Rb2 Rxb2+ 34. Kxb2 Ke7 35. Kb3 Bh4 36. c4 Bxf2 37. cxd5 Bxe3 38. dxe6 b6 39. exf7 Kxf7 40. Kc4 Bxf4 41. Kb5 Be3 42. Kc6 f4 43. b5 Kf6 44. Kd5 Kg5 45. Ke4 Kh4 46. Bg4 Kg3 47. Bf5 Bc1 48. Bg4 Bd2 49. Bf5 Be3 50. Bg4 Bd2 51. Bf5 Be3 52. Bg4 Bd2 1/2-1/2


[Site "https://www.chess.com"]

[Event "Titled Tuesday Blitz December 20 Late 2022"]
[White "Martinez Reyes, Pedro Ramon"]
[Black "Sjugirov, Sanan"]
[WhiteFideId "3901807"]
[BlackFideId "4189302"]
[WhiteElo "2354"]
[BlackElo "2613"]
[Result "1/2-1/2"]
[Round "07"]
[TimeControl "180+1"]
[Date "2022.12.20"]
[WhiteClock "0:00:05"]
[BlackClock "0:00:03"]

1. e4 c5 2. Nf3 Nc6 3. Bb5 g6 4. Bxc6 dxc6 5. d3 Bg7 6. h3 Nf6 7. Nc3 Nd7 8. Be3 e5 9. Qd2 h6 10. O-O b6 11. Nh2 Nf8 12. f4 exf4 13. Bxf4 Ne6 14. Be3 Nd4 15. Rae1 Be6 16. Nd1 Qd7 17. c3 Nb5 18. a4 Nc7 19. Nf2 g5 20. Nhg4 O-O 21. Qe2 f5 22. exf5 Bxf5 23. Ne4 Nd5 24. Bc1 Rae8 25. Qd1 c4 26. dxc4 Rxe4 27. cxd5 Qxd5 28. Qxd5+ cxd5 29. Rxe4 dxe4 30. Be3 Rf7 31. Rd1 Bd7 32. Rd6 Kh7 33. Nf2 Bxa4 34. Ng4 Bb3 35. Rd8 Be6 36. Rd6 Bxg4 37. hxg4 Re7 38. Kf2 Kg8 39. Ke2 Kf7 40. Bd4 Bxd4 41. Rxd4 Kf6 42. Ke3 Re6 43. Rxe4 Rxe4+ 44. Kxe4 Ke6 45. c4 a5 46. b3 Kd6 47. Kd4 Kc6 48. Kd3 Kc5 49. Kc3 b5 50. cxb5 Kxb5 51. Kd3 Kc5 52. Kc3 Kb5 53. Kd3 Kb4 54. Kc2 Kc5 55. Kc3 Kc6 56. Kc4 Kb6 57. Kd4 Kb5 58. Kd3 1/2-1/2


[Site "https://www.chess.com"]

[Event "Titled Tuesday Blitz December 20 Late 2022"]
[White "Matinian, Nikita"]
[Black "Moksh Amit Doshi"]
[WhiteFideId "24129100"]
[BlackFideId "25064967"]
[WhiteElo "2676"]
[BlackElo "2543"]
[Result "1-0"]
[Round "07"]
[TimeControl "180+1"]
[Date "2022.12.21"]
[WhiteClock "0:01:26"]
[BlackClock "0:01:03"]

1. e4 e5 2. Nf3 Nc6 3. Bb5 a6 4. Ba4 Nf6 5. d3 b5 6. Bb3 Bc5 7. c3 d6 8. Bg5 h6 9. Bh4 Bb6 10. Nbd2 Na5 11. Bc2 g5 12. Bg3 c5 13. a4 Bd7 14. axb5 axb5 15. Nf1 Nc6 16. Ne3 O-O 17. Rxa8 Qxa8 18. h4 g4 19. Nh2 h5 20. O-O Ne7 21. Kh1 Kg7 22. f3 c4 23. d4 Ng6 24. fxg4 hxg4 25. Rxf6 Kxf6 26. Nd5+ Kg7 27. Nxb6 Qb7 28. Nxd7 Qxd7 29. h5 Nf4 30. Bxf4 exf4 31. Nxg4 Rh8 32. h6+ Kf8 33. Kg1 Qe7 34. Qf3 Qg5 35. e5 Qh4 36. exd6 f5 37. Bxf5 1-0


[Site "https://www.chess.com"]

[Event "Titled Tuesday Blitz December 20 Late 2022"]
[White "Matthes, Aaron"]
[Black "Gasparyan, David"]
[WhiteFideId "16227310"]
[BlackFideId "13311980"]
[WhiteElo "2335"]
[BlackElo "2440"]
[Result "0-1"]
[Round "07"]
[TimeControl "180+1"]
[Date "2022.12.21"]
[WhiteClock "0:00:06"]
[BlackClock "0:00:17"]

1. d4 Nf6 2. Bf4 d5 3. e3 Bf5 4. Bd3 Bg6 5. Nf3 e6 6. Ne5 Be7 7. O-O Nbd7 8. Nxg6 hxg6 9. Nd2 a6 10. c4 c5 11. cxd5 Nxd5 12. Bg3 cxd4 13. exd4 Bh4 14. Ne4 Bxg3 15. hxg3 N7f6 16. Nc5 b5 17. Nxa6 O-O 18. Nc5 Nb4 19. Bxb5 Qb6 20. a4 Rfd8 21. Qd2 Nc6 22. Bxc6 Qxc6 23. Rfd1 e5 24. Qe3 exd4 25. Rxd4 Re8 26. Qc1 Rac8 27. b4 Re2 28. Qd1 Rce8 29. Rd8 Rxd8 30. Qxd8+ Kh7 31. Qd3 Qe8 32. a5 Re1+ 33. Rxe1 Qxe1+ 34. Qf1 Qxb4 35. Nd3 Qxa5 36. Nf4 Qc3 37. f3 Qd4+ 38. Kh2 Qc5 39. Qb1 Kg8 40. Qb8+ Kh7 41. Qb7 g5 42. Nh3 g4 43. Nf4 gxf3 44. gxf3 Qf2+ 45. Kh3 Qf1+ 46. Kh2 Qc4 47. Qb1+ g6 48. Qa1 Qc6 49. Kg2 Ng4 50. Qe1 Qc2+ 51. Qe2 Qc6 52. Kh3 Nh6 53. Kg2 Nf5 54. g4 Nd4 55. Qf2 Qd6 56. Qh4+ Kg7 57. Qh2 Qc5 58. Qg3 Qc3 59. Nd5 Qd2+ 60. Qf2 Qd1 61. Ne3 Qa4 62. Nf1 Qd7 63. Nd2 Qd5 64. Ne4 Ne6 65. Qb2+ Nd4 66. Nf2 Qxf3+ 67. Kg1 Qg3+ 68. Kf1 Qe3 69. Nd1 Qf3+ 70. Nf2 Qf6 71. Ke1 Qe5+ 72. Kd1 Kg8 73. Nd3 Qe4 74. Qb8+ Kh7 75. Qh2+ Kg7 76. Qe5+ Qxe5 77. Nxe5 Kf6 78. Nf3 Nxf3 79. Ke2 Ne5 80. Kf2 Nxg4+ 81. Kg3 Ne5 0-1


[Site "https://www.chess.com"]

[Event "Titled Tuesday Blitz December 20 Late 2022"]
[White "Megalios, Konstantinos"]
[Black "Makridis, Dimitrios"]
[WhiteFideId "4238044"]
[BlackFideId "25864475"]
[WhiteElo "2569"]
[BlackElo "2799"]
[Result "0-1"]
[Round "07"]
[TimeControl "180+1"]
[Date "2022.12.21"]
[WhiteClock "0:00:44"]
[BlackClock "0:00:50"]

1. e4 c5 2. Nf3 Nf6 3. e5 Nd5 4. Nc3 e6 5. g3 Nc6 6. Bg2 Nxc3 7. dxc3 d5 8. exd6 Bxd6 9. O-O O-O 10. Kh1 Qc7 11. Be3 b6 12. Ng5 h6 13. Ne4 Be7 14. Qh5 Bb7 15. Rae1 Qe5 16. Qe2 Na5 17. Bf4 Qf5 18. b3 Rad8 19. Bc1 Rd7 20. f4 Qg6 21. g4 f5 22. gxf5 exf5 23. Ng3 Bxg2+ 24. Qxg2 Kh7 25. Rg1 Bh4 26. Qf3 Qc6 27. Qxc6 Nxc6 28. Re6 Nd8 29. Re5 Bf6 30. Rxf5 g6 31. Re5 Bxe5 32. fxe5 Re7 33. Re1 Rfe8 34. Ne4 Rxe5 35. Nf6+ Kh8 36. Rg1 Rf8 37. Rxg6 Re1+ 38. Kg2 Rxc1 0-1


[Site "https://www.chess.com"]

[Event "Titled Tuesday Blitz December 20 Late 2022"]
[White "Melkumyan, Hrant"]
[Black "Solon, Nathan"]
[WhiteFideId "13302485"]
[BlackFideId "2017229"]
[WhiteElo "2604"]
[BlackElo "2650"]
[Result "1-0"]
[Round "07"]
[TimeControl "180+1"]
[Date "2022.12.20"]
[WhiteClock "0:00:06"]
[BlackClock "0:00:01"]

1. d4 Nf6 2. c4 c5 3. d5 b5 4. cxb5 a6 5. bxa6 g6 6. Nc3 Bg7 7. e4 O-O 8. Nf3 Qa5 9. Bd2 Bxa6 10. Be2 Qb4 11. Bxa6 Nxa6 12. Qc2 Rfb8 13. Rb1 d6 14. O-O Qb7 15. a3 Nd7 16. b3 Nc7 17. a4 Qa6 18. h3 Ne5 19. Nxe5 Bxe5 20. Rfe1 Rb7 21. Nd1 Rab8 22. Ne3 Bd4 23. Nc4 e6 24. dxe6 Nxe6 25. Red1 h5 26. Be1 Re8 27. a5 Ng5 28. Bc3 Ne6 29. Rd3 Qc6 30. Rf3 Ng5 31. Rd3 Bxc3 32. Qxc3 Nxe4 33. Qc2 d5 34. Nb6 d4 35. Rxd4 Qe6 36. Rdd1 Ra7 37. Ra1 Qf5 38. Re1 Re6 39. Nc4 Rae7 40. Re3 Qf4 41. Rae1 1-0


[Site "https://www.chess.com"]

[Event "Titled Tuesday Blitz December 20 Late 2022"]
[White "Migot, Tangi"]
[Black "Maksimovic, Bojan"]
[WhiteFideId "662445"]
[BlackFideId "14408120"]
[WhiteElo "2565"]
[BlackElo "2462"]
[Result "0-1"]
[Round "07"]
[TimeControl "180+1"]
[Date "2022.12.21"]
[WhiteClock "0:00:51"]
[BlackClock "0:01:42"]

1. e4 Nc6 2. Nc3 Nb8 3. d4 g6 4. Bc4 e6 5. h4 h6 6. h5 g5 7. Nge2 d6 8. Be3 a6 9. a4 b6 10. Qd2 Bg7 11. d5 e5 12. f3 f5 13. exf5 Bxf5 14. Ng3 Bh7 15. Bd3 Bxd3 16. Qxd3 Ne7 17. Nf5 O-O 18. Nxe7+ Qxe7 19. Ne4 Nd7 20. b4 a5 21. Bd2 axb4 22. Bxb4 Ra7 23. Qc4 Rfa8 24. Nc3 e4 25. O-O exf3 26. Rxf3 Ne5 27. Qe4 Nxf3+ 28. Qxf3 Rf8 29. Qd3 Qf7 30. Re1 Qf2+ 0-1


[Site "https://www.chess.com"]

[Event "Titled Tuesday Blitz December 20 Late 2022"]
[White "Muhammad, Shahzeb"]
[Black "Gatterer, Florian"]
[WhiteFideId "7804806"]
[BlackFideId "811688"]
[WhiteElo "2396"]
[BlackElo "2218"]
[Result "1/2-1/2"]
[Round "07"]
[TimeControl "180+1"]
[Date "2022.12.21"]
[WhiteClock "0:02:50"]
[BlackClock "0:02:32"]

1. e4 e5 2. Nf3 Nc6 3. d4 exd4 4. Nxd4 Nf6 5. Nxc6 bxc6 6. e5 Qe7 7. Qe2 Nd5 8. c4 Ba6 9. b3 O-O-O 10. Bb2 f6 1/2-1/2


[Site "https://www.chess.com"]

[Event "Titled Tuesday Blitz December 20 Late 2022"]
[White "Nasir, Zehn"]
[Black "Horvath, Dominik"]
[WhiteFideId "2613239"]
[BlackFideId "1642561"]
[WhiteElo "2585"]
[BlackElo "2715"]
[Result "0-1"]
[Round "07"]
[TimeControl "180+1"]
[Date "2022.12.21"]
[WhiteClock "0:00:20"]
[BlackClock "0:01:36"]

1. d4 Nf6 2. Bf4 d5 3. e3 c5 4. c3 Nc6 5. Nd2 Bf5 6. Qb3 Qc8 7. Ngf3 c4 8. Qd1 b5 9. Be2 h6 10. O-O e6 11. Ne5 Nxe5 12. dxe5 Ne4 13. Nxe4 Bxe4 14. f3 Bg6 15. Kh1 Bc5 16. Qd2 O-O 17. Bg3 Rb8 18. a3 a5 19. f4 b4 20. axb4 axb4 21. Bg4 bxc3 22. bxc3 Bd3 23. Rf2 Rb3 24. Bd1 Rb5 25. Bh4 Qb7 26. g4 Ra8 27. Rxa8+ Qxa8 28. g5 Rb1 29. Kg2 Qa1 30. Bf3 Rg1+ 31. Kh3 Bf5+ 0-1


[Site "https://www.chess.com"]

[Event "Titled Tuesday Blitz December 20 Late 2022"]
[White "Nasuta, Grzegorz"]
[Black "Poliakova, Varvara"]
[WhiteFideId "1141686"]
[BlackFideId "13518313"]
[WhiteElo "2441"]
[BlackElo "2075"]
[Result "0-1"]
[Round "07"]
[TimeControl "180+1"]
[Date "2022.12.20"]
[WhiteClock "0:00:01"]
[BlackClock "0:00:21"]

1. e4 e5 2. Nf3 Nc6 3. d4 exd4 4. Nxd4 Nf6 5. Nxc6 bxc6 6. Nc3 Bb4 7. Bd3 d5 8. exd5 cxd5 9. O-O c6 10. h3 O-O 11. Qf3 Be7 12. Bf4 Be6 13. Rfe1 Nd7 14. Ne2 Bf6 15. Rab1 c5 16. c3 Qb6 17. Ng3 g6 18. Nh5 Bh8 19. Re2 Rfe8 20. Rbe1 c4 21. Bb1 d4 22. cxd4 Bxd4 23. Ng3 Nc5 24. Be5 Bxe5 25. Rxe5 Nd7 26. R5e2 Rac8 27. Qc3 a5 28. Kh2 Qb4 29. Qd4 c3 30. bxc3 Qxc3 31. Qd1 Qf6 32. Ne4 Qe5+ 33. Kg1 Rcd8 34. Nd6 Qc5 35. Nxe8 Rxe8 36. Qd2 Nf6 37. Qb2 Nd5 38. Bc2 Nf4 39. Re5 Qc6 40. Be4 Qd6 41. h4 Rb8 42. Qa1 Qa3 43. g3 Nh5 44. Bg2 Rb2 0-1


[Site "https://www.chess.com"]

[Event "Titled Tuesday Blitz December 20 Late 2022"]
[White "Novik, Maxim"]
[Black "Sokolovsky, Yahli"]
[WhiteFideId "4102924"]
[BlackFideId "2820242"]
[WhiteElo "2291"]
[BlackElo "2316"]
[Result "0-1"]
[Round "07"]
[TimeControl "180+1"]
[Date "2022.12.21"]
[WhiteClock "0:00:13"]
[BlackClock "0:00:17"]

1. e4 d6 2. d4 Nf6 3. Nc3 g6 4. Be3 Bg7 5. Nf3 c5 6. dxc5 Qa5 7. Nd2 Ng4 8. Nb3 Nxe3 9. Nxa5 Nxd1 10. Rxd1 O-O 11. cxd6 exd6 12. Nd5 Nc6 13. Nxc6 bxc6 14. Ne7+ Kh8 15. c3 Re8 16. Nxc6 Bb7 17. Na5 Bxe4 18. f3 Bxf3+ 19. Kd2 Bh6+ 20. Kc2 Bxd1+ 21. Kxd1 Re5 22. Nb3 Rae8 23. Bd3 Rg5 24. g3 Rh5 25. Kc2 Re3 26. g4 Rh4 27. Nd2 Rxg4 28. Nc4 Rg2+ 29. Nd2 Rf3 30. Be4 Rxd2+ 31. Kb3 Rff2 0-1


[Site "https://www.chess.com"]

[Event "Titled Tuesday Blitz December 20 Late 2022"]
[White "Novikova, Galina"]
[Black "Kim, Sergey"]
[WhiteFideId "4157095"]
[BlackFideId "13700570"]
[WhiteElo "1953"]
[BlackElo "2482"]
[Result "0-1"]
[Round "07"]
[TimeControl "180+1"]
[Date "2022.12.21"]
[WhiteClock "0:00:06"]
[BlackClock "0:00:09"]

1. e4 e5 2. Nf3 Nc6 3. d4 exd4 4. Nxd4 Bc5 5. Nb3 Bb6 6. Nc3 Nf6 7. Qe2 d6 8. Be3 Be6 9. O-O-O Qe7 10. g3 O-O-O 11. Bg2 Kb8 12. Rhe1 Rhe8 13. Bxb6 axb6 14. Qb5 Bg4 15. Rd3 Qe5 16. Nd5 Nxd5 17. Rxd5 Qf6 18. f4 Qh6 19. h4 Be6 20. Rd3 Bd7 21. Qc4 Ne5 22. Qc3 Nxd3+ 23. Qxd3 f5 24. Rd1 Bc6 25. Nd4 Bxe4 26. Bxe4 fxe4 27. Qa3 c6 28. Nf5 Qf6 29. Nxd6 Re6 30. Nc4 Rxd1+ 31. Kxd1 Qd8+ 32. Ke2 Qe7 33. Qxe7 Rxe7 34. Nxb6 Kc7 35. Nc4 b5 36. Ne5 Kd6 37. Ke3 Kd5 38. a3 c5 39. Ng4 b4 40. axb4 cxb4 41. Nf2 Rc7 42. Kd2 Kd4 43. Nd1 Ra7 44. c3+ bxc3+ 45. bxc3+ Kd5 46. Ke3 Ra2 47. Nf2 Ra7 48. Nh3 h6 49. Ng1 Rc7 50. Ne2 Rc4 51. g4 g6 52. h5 gxh5 53. gxh5 Ra4 54. Ng3 Ra7 55. Nf5 Rh7 56. Ng3 Rg7 57. Nf5 Rh7 58. Nd4 Rc7 59. Ne2 Rc4 60. f5 Ke5 61. f6 Kxf6 62. Nf4 Kg5 63. Ne2 Kxh5 64. Ng3+ Kg4 65. Nxe4 h5 66. Nf2+ Kg3 67. Ne4+ Kg2 68. Ng5 h4 69. Kd3 Rg4 70. Ne4 Rxe4 71. Kxe4 h3 72. c4 h2 73. c5 h1=Q 74. Ke5 Kg3 75. Kd6 Qb7 76. c6 Qc8 77. c7 Kf4 0-1


[Site "https://www.chess.com"]

[Event "Titled Tuesday Blitz December 20 Late 2022"]
[White "Peatman, Carter"]
[Black "Rego, Pedro Filipe"]
[WhiteFideId "2096480"]
[BlackFideId "1904310"]
[WhiteElo "2428"]
[BlackElo "2193"]
[Result "0-1"]
[Round "07"]
[TimeControl "180+1"]
[Date "2022.12.21"]
[WhiteClock "0:00:50"]
[BlackClock "0:00:43"]

1. d4 Nf6 2. Bf4 d5 3. e3 c5 4. dxc5 Nc6 5. Bb5 Qa5+ 6. Nc3 e6 7. Qd4 a6 8. b4 Qa3 9. Bxc6+ bxc6 10. Nge2 a5 11. bxa5 Bxc5 12. Qa4 Qxa4 13. Nxa4 Bb4+ 14. c3 Bxa5 15. O-O Ba6 16. Rfe1 Nd7 17. Bd6 f6 18. Nd4 Bb5 19. Nc5 Nxc5 20. Bxc5 Bxc3 21. Nxb5 cxb5 22. a3 Kd7 23. Reb1 Bxa1 24. Rxa1 Rhc8 25. Bb4 Rc4 26. Rb1 Rac8 27. Kf1 Rc1+ 28. Rxc1 Rxc1+ 29. Ke2 Rc2+ 30. Ke1 Ra2 31. Bf8 e5 32. g3 g6 33. h4 d4 34. Bc5 d3 35. Bb4 e4 36. g4 Ke6 37. h5 gxh5 38. gxh5 Kd5 39. h6 Kc4 40. Bf8 d2+ 41. Ke2 Kc3 42. Bg7 Kc2 43. Bxf6 d1=Q# 0-1


[Site "https://www.chess.com"]

[Event "Titled Tuesday Blitz December 20 Late 2022"]
[White "Polster, Christian"]
[Black "Baches Garcia, Guillermo"]
[WhiteFideId "12965081"]
[BlackFideId "2209764"]
[WhiteElo "2195"]
[BlackElo "2492"]
[Result "1-0"]
[Round "07"]
[TimeControl "180+1"]
[Date "2022.12.21"]
[WhiteClock "0:00:08"]
[BlackClock "0:00:07"]

1. e4 c5 2. Nc3 d6 3. Nge2 Nc6 4. g3 g6 5. d4 cxd4 6. Nxd4 Bg7 7. Nb3 Nf6 8. Bg2 Bg4 9. f3 Bd7 10. Be3 Ne5 11. Qe2 O-O 12. O-O-O a5 13. a4 Rc8 14. f4 Bg4 15. Qf2 Nc4 16. e5 Ne8 17. Bf3 Bxf3 18. Qxf3 Nxe3 19. Qxe3 Qc7 20. Rd2 dxe5 21. Nd5 Qd6 22. fxe5 Bxe5 23. Re1 Bf6 24. Nb6 Qc7 25. Nxc8 Qxc8 26. Nxa5 Nd6 27. Kb1 Qa8 28. Qb6 Rc8 29. h4 Kg7 30. c3 Nc4 31. Nxc4 Rxc4 32. a5 Ra4 33. Rd5 Qc8 34. Qb5 Rg4 35. Re3 h5 36. Kc2 Qc7 37. Rdd3 Qb8 38. a6 Qc8 39. Qxb7 Qf5 40. a7 Qf2+ 41. Kb3 Rxh4 42. a8=Q Qxb2+ 43. Kxb2 Rh2+ 44. Kb3 Rb2+ 45. Kxb2 Bxc3+ 46. Kxc3 1-0


[Site "https://www.chess.com"]

[Event "Titled Tuesday Blitz December 20 Late 2022"]
[White "Postnikov, Artem"]
[Black "Tarnowska, Aleksandra"]
[WhiteFideId "34153575"]
[BlackFideId "1180967"]
[WhiteElo "2243"]
[BlackElo "1776"]
[Result "0-1"]
[Round "07"]
[TimeControl "180+1"]
[Date "2022.12.21"]
[WhiteClock "0:00:36"]
[BlackClock "0:00:33"]

1. d4 d5 2. c4 e6 3. Nf3 Nf6 4. Nc3 Be7 5. Bf4 c6 6. e3 O-O 7. Rc1 b6 8. Bd3 Bb7 9. e4 dxe4 10. Bxe4 Nxe4 11. Nxe4 c5 12. Qe2 cxd4 13. O-O Nc6 14. Rfd1 f6 15. Nd6 e5 16. Nxb7 Qc8 17. Bg3 Qxb7 18. Nh4 Qd7 19. Qh5 f5 20. f4 e4 21. a3 d3 22. b4 Nd4 23. Bf2 Rad8 24. Kh1 Ne2 25. Ra1 Nxf4 0-1


[Site "https://www.chess.com"]

[Event "Titled Tuesday Blitz December 20 Late 2022"]
[White "Rangel, Daniel"]
[Black "Dias, Joao Batista"]
[WhiteFideId "2124475"]
[BlackFideId "2108240"]
[WhiteElo "2225"]
[BlackElo "1898"]
[Result "1-0"]
[Round "07"]
[TimeControl "180+1"]
[Date "2022.12.21"]
[WhiteClock "0:01:07"]
[BlackClock "0:00:35"]

1. d4 d5 2. c4 c6 3. Nc3 Nf6 4. Bg5 h6 5. Bxf6 gxf6 6. cxd5 cxd5 7. e3 e6 8. Bb5+ Bd7 9. Bxd7+ Nxd7 10. Nge2 Rg8 11. g3 a6 12. O-O h5 13. h4 f5 14. Kh2 Bd6 15. Nf4 Nf6 16. Nxh5 Ng4+ 17. Kg2 Nh6 18. Rh1 Rc8 19. Rc1 Be7 20. Kf1 Qb6 21. Qa4+ Rc6 22. Qb3 Qc7 23. Ke2 Ng4 24. a3 Rb6 25. Qc2 Rc6 26. Qd2 Kd7 27. Na2 Rc8 28. Rxc6 bxc6 29. Rc1 Qb6 30. Nf4 c5 31. dxc5 Rxc5 32. Nd3 Rb5 33. b4 f6 34. Qc2 a5 35. Qc8+ Kd6 36. Nc3 axb4 37. Nxb5+ Qxb5 38. Qc7# 1-0


[Site "https://www.chess.com"]

[Event "Titled Tuesday Blitz December 20 Late 2022"]
[White "Rasulov, Vugar"]
[Black "Kleiman, Jake"]
[WhiteFideId "13402390"]
[BlackFideId "2020041"]
[WhiteElo "2509"]
[BlackElo "2664"]
[Result "1-0"]
[Round "07"]
[TimeControl "180+1"]
[Date "2022.12.20"]
[WhiteClock "0:00:50"]
[BlackClock "0:00:09"]

1. e4 e5 2. Nf3 Nc6 3. Bb5 a6 4. Ba4 Nf6 5. O-O b5 6. Bb3 Bc5 7. c3 d6 8. a4 Rb8 9. d4 Bb6 10. a5 Ba7 11. Be3 Ra8 12. Nbd2 O-O 13. h3 h6 14. Re1 Re8 15. Nf1 exd4 16. Nxd4 Nxd4 17. Bxd4 Bxd4 18. cxd4 Bb7 19. f3 c5 20. Ne3 c4 21. Bc2 Rc8 22. Nf5 Rc7 23. Qd2 Bc8 24. Ne3 Rce7 25. b3 cxb3 26. Bxb3 Be6 27. Bxe6 fxe6 28. Rac1 Rc7 29. Kh2 Ree7 30. d5 exd5 31. Nf5 Re5 32. Nd4 Rxc1 33. Rxc1 Re8 34. Nc6 Qd7 35. exd5 Qf5 36. Nb4 Re5 37. Nxa6 Rxd5 38. Qe3 Rd3 39. Qe1 Qf4+ 40. Kg1 Qd4+ 41. Kh1 Kh7 42. Nc7 Ra3 43. Nxb5 Qb2 44. Nxa3 Qxa3 45. Ra1 Qb2 46. a6 Nh5 47. Qb1+ 1-0


[Site "https://www.chess.com"]

[Event "Titled Tuesday Blitz December 20 Late 2022"]
[White "Renjith, Sravan"]
[Black "D`Arruda, Ricardo D."]
[WhiteFideId "4306783"]
[BlackFideId "100692"]
[WhiteElo "2072"]
[BlackElo "2450"]
[Result "1-0"]
[Round "07"]
[TimeControl "180+1"]
[Date "2022.12.21"]
[WhiteClock "0:02:28"]
[BlackClock "0:01:11"]

1. Nf3 d5 2. d4 Nf6 3. g3 c6 4. Bg2 Bf5 5. Kf1 e6 6. Nbd2 h6 7. h3 Nbd7 8. Kg1 Bd6 9. Kh2 O-O 10. Re1 Qc7 11. c3 Rfe8 12. Nh4 Bh7 13. e4 dxe4 14. Nxe4 Nxe4 15. Bxe4 Bxe4 16. Rxe4 Nf6 17. Re1 e5 18. Nf5 exd4 19. Rxe8+ Rxe8 20. Qxd4 Be5 21. Qh4 Qd7 22. Nxg7 Kxg7 23. Bxh6+ Kg6 24. Qg5+ Kh7 25. Qg7# 1-0


[Site "https://www.chess.com"]

[Event "Titled Tuesday Blitz December 20 Late 2022"]
[White "Reprintsev, Alexander"]
[Black "Tanenbaum, Zachary"]
[WhiteFideId "14100541"]
[BlackFideId "2060850"]
[WhiteElo "2230"]
[BlackElo "2175"]
[Result "1/2-1/2"]
[Round "07"]
[TimeControl "180+1"]
[Date "2022.12.21"]
[WhiteClock "0:00:03"]
[BlackClock "0:00:06"]

1. e4 e5 2. Nf3 Nc6 3. Bc4 Nf6 4. Ng5 d5 5. exd5 Na5 6. Bb5+ c6 7. dxc6 bxc6 8. Bd3 Nd5 9. Ne4 f5 10. Nec3 Nf4 11. Bf1 Bc5 12. d3 Nd5 13. Qh5+ g6 14. Qh6 Qb6 15. Nd1 Ba6 16. Be2 e4 17. O-O exd3 18. Bxd3 Bxd3 19. cxd3 O-O-O 20. Nbc3 Qc7 21. Nxd5 Rxd5 22. Bf4 Bd6 23. Bxd6 Qxd6 24. Qg7 Re8 25. Qxa7 Nb7 26. Ne3 Ra5 27. Qb6 Rb5 28. Qa6 Ra5 29. Qc4 f4 30. b4 Rh5 31. Ng4 f3 32. g3 Qd7 33. Rae1 Rxe1 34. Rxe1 Nd6 35. Qf4 Rf5 36. Qd4 Rd5 37. Qh8+ Kb7 38. Nf6 Qh3 39. Qxh7+ Qxh7 40. Nxh7 Rxd3 41. Nf8 g5 42. Ne6 g4 43. a4 Nc4 44. h3 gxh3 45. Ng5 Nd2 46. Nxh3 Nb3 47. b5 cxb5 48. axb5 Nd4 49. Ng5 Ne2+ 50. Kh2 Nd4 51. Re3 Rd2 52. Ne4 Re2 53. g4 Rc2 54. Kg3 Kb6 55. Ng5 Kxb5 56. Nxf3 Nc6 57. g5 Rc5 58. Kg4 Rc4+ 59. Kh5 Rc5 60. Kh6 Rc1 61. Kg7 Rh1 62. g6 Nb8 63. Re5+ Kc6 64. Rf5 Nd7 65. Ne5+ Nxe5 66. Rxe5 Kd6 67. Rf5 Ke6 68. Rf6+ Ke7 69. Rf7+ Ke6 70. f4 Re1 71. f5+ Kd6 72. Kf8 Ra1 73. Kg8 Ra8+ 74. Kg7 Ke5 75. f6 Kf5 76. Re7 Ra6 77. Rf7 Re6 78. Kh7 Re1 79. Rf8 Rh1+ 80. Kg7 Rg1 81. Re8 Rxg6+ 82. Kh7 Rxf6 83. Rg8 Rf7+ 84. Rg7 Rf6 85. Rg8 Rd6 86. Rg7 Kf6 87. Rg6+ Ke5 88. Rxd6 Kxd6 1/2-1/2


[Site "https://www.chess.com"]

[Event "Titled Tuesday Blitz December 20 Late 2022"]
[White "Roman, Rodrigo"]
[Black "Gurevich, Dmitry"]
[WhiteFideId "3701220"]
[BlackFideId "2000407"]
[WhiteElo "1995"]
[BlackElo "2506"]
[Result "0-1"]
[Round "07"]
[TimeControl "180+1"]
[Date "2022.12.21"]
[WhiteClock "0:00:03"]
[BlackClock "0:00:02"]

1. e4 c5 2. Nf3 d6 3. d4 cxd4 4. Nxd4 Nf6 5. Nc3 Nc6 6. Bg5 g6 7. Be2 Bg7 8. h4 Nxe4 9. Nxc6 Nxc3 10. Nxd8 Nxd1 11. Rxd1 Kxd8 12. Rxd6+ Kc7 13. Rd1 Bxb2 14. Bxe7 Bc3+ 15. Kf1 Re8 16. Bd6+ Kb6 17. Rb1+ Kc6 18. Bf4 Bf5 19. Bb5+ Kc5 20. Bxe8 Rxe8 21. Be3+ Kc6 22. Ke2 b5 23. a3 a5 24. Rhd1 Bxc2 25. Rdc1 Bxb1 26. Rxc3+ Kd6 27. Rb3 Ba2 28. Rd3+ Kc6 29. Rc3+ Bc4+ 30. Kf3 a4 31. Kf4 f6 32. g4 Kd5 33. f3 h6 34. h5 g5+ 35. Kf5 Re6 36. Kg6 f5+ 37. Kxf5 Ra6 38. Rc1 b4 39. axb4 a3 40. Rd1+ Kc6 41. Bd4 Kb5 42. Bc3 a2 43. Ba1 Ra3 44. Kg6 Ra6+ 45. Kg7 Kxb4 46. f4 gxf4 47. g5 hxg5 48. h6 f3 49. h7 Ra7+ 50. Kg6 Rxh7 51. Kxh7 g4 52. Bd4 g3 53. Be5 g2 54. Bd4 Bf1 55. Kg6 Kb3 56. Kf5 Kc2 57. Ra1 Kb3 58. Ke4 Be2 0-1


[Site "https://www.chess.com"]

[Event "Titled Tuesday Blitz December 20 Late 2022"]
[White "Rorrer, Grayson"]
[Black "Eljanov, Pavel"]
[WhiteFideId "30944996"]
[BlackFideId "14102951"]
[WhiteElo "2200"]
[BlackElo "2598"]
[Result "0-1"]
[Round "07"]
[TimeControl "180+1"]
[Date "2022.12.20"]
[WhiteClock "0:00:44"]
[BlackClock "0:00:52"]

1. e4 c6 2. d4 d5 3. exd5 cxd5 4. Bd3 Nf6 5. h3 g6 6. Nf3 Bf5 7. O-O Nc6 8. Re1 e6 9. c3 Bxd3 10. Qxd3 Bd6 11. Bh6 Rg8 12. Nbd2 Qc7 13. a4 O-O-O 14. b4 Kb8 15. Bg5 Be7 16. a5 Nh5 17. Bxe7 Nxe7 18. Ne5 Nc6 19. Ndf3 Nxe5 20. Nxe5 f6 21. Ng4 Nf4 22. Qf3 Rgf8 23. h4 h5 24. Nh2 e5 25. g3 Ne6 26. Nf1 e4 27. Qe2 f5 28. a6 b6 29. f4 Qxc3 30. Rac1 Qxb4 31. Kg2 Nxd4 32. Qa2 Qb3 33. Qd2 Nf3 34. Qe2 Nxe1+ 0-1


[Site "https://www.chess.com"]

[Event "Titled Tuesday Blitz December 20 Late 2022"]
[White "Rose, Felix"]
[Black "Szyszylo, Rafal"]
[WhiteFideId "5105722"]
[BlackFideId "1109626"]
[WhiteElo "2039"]
[BlackElo "1981"]
[Result "1-0"]
[Round "07"]
[TimeControl "180+1"]
[Date "2022.12.21"]
[WhiteClock "0:00:45"]
[BlackClock "0:00:07"]

1. e4 d6 2. d4 g6 3. Nc3 Nf6 4. Nf3 Bg7 5. h3 O-O 6. Be3 c6 7. a4 a5 8. Be2 Na6 9. O-O Nb4 10. Qd2 Qc7 11. Rfe1 e5 12. dxe5 dxe5 13. Bc4 Rd8 14. Qe2 h6 15. Red1 Nh5 16. Rxd8+ Qxd8 17. Rd1 Qe7 18. Qd2 Nf4 19. Qd8+ Qf8 20. Bc5 Qxd8 21. Rxd8+ Kh7 22. Bxf7 Bf6 23. Re8 b6 24. Bxb6 Bb7 25. Rxa8 Bxa8 26. Bb3 c5 27. Bxa5 Nc6 28. Bc7 Nd4 29. Nxe5 Nxb3 30. cxb3 Ne6 31. Bd6 Nd4 32. Nd7 Bd8 33. e5 Nxb3 34. e6 Bc6 35. Nxc5 Nxc5 36. Bxc5 Kg7 37. b4 Kf6 38. b5 Be8 39. e7 Ba5 40. Nd5+ Ke5 41. Ne3 1-0


[Site "https://www.chess.com"]